 Dungeon Crawl Stone Soup version 0.28-a0-957-g42eb19b844 (webtiles) character file.

Game seed: 10110364519131914861

138885 sanka the Severer (level 16, -1/130 HPs)
             Began as a Palentonga Abyssal Knight on Nov 30, 2021.
             Was the Champion of Lugonu.
             Slain by a jumping spider (14 damage)
             ... on level 2 of the Spider Nest.
             The game lasted 01:23:47 (39882 turns).

sanka the Severer (Palentonga Abyssal Knight)      Turns: 39882, Time: 01:23:48

Health: -1/130     AC: 49    Str: 21    XL:     16   Next: 72%
Magic:  23/23      EV:  3    Int: 12    God:    Lugonu [******]
Gold:   1897       SH:  0    Dex: 16    Spells: 15/15 levels left

rFire   + . .      SeeInvis +   a - +8 war axe of Patterns {flame, SInv}
rCold   + + .      Faith    .   U - +0 tower shield {rC+}
rNeg    + . .      Spirit   .   k - +8 chain mail of Inquiry {rC+ Str+2 Stlth+}
rPois   +          Reflect  +   F - +0 helmet
rElec   .          Harm     .   I - +2 ratskin cloak {*Rats rPois rN+ Str-1 Int-1 Dex+1}
rCorr   .          Rampage  .   t - +0 pair of gloves
Will    +....                   E - +4 barding {rF+}
Stlth   ..........              j - amulet of reflection
HPRegen 0.31/turn               s - +4 ring of protection
MPRegen 0.18/turn               V - +4 ring of protection

@: held, curled up
A: large, rugged brown scales 3, see invisible, deformed body, roll 1, armoured
tail, reflexive curl, stinger 1, clever 1, poison resistance
a: Rolling Charge, Renounce Religion, Depart the Abyss, Bend Space, Banish,
Corrupt, Enter the Abyss


You were on level 2 of the Spider Nest.
You worshipped Lugonu.
Lugonu was exalted by your worship.
You visited 4 branches of the dungeon, and saw 25 of its levels.
You visited the Abyss 1 time.
You also visited: Gauntlet, Ice Cave and Volcano.

You collected 2933 gold pieces.
You spent 1036 gold pieces at shops.


Innate Abilities, Weirdness & Mutations

You are completely covered in rugged brown scales. (AC +3, +7% HP)
You have supernaturally acute eyesight. (SInv)
Armour fits poorly on your strangely shaped body.
You can roll at nearby foes to attack.
You have a long armoured tail.
You curl defensively after being hit. (AC +7*)
Your tail ends in a venomous barb.
Your mind is acute. (Int +2)
Your system is resistant to poisons. (rPois)


   Skills:
 + Level 10.1 Fighting
 - Level 18.0 Axes
 + Level 9.5 Armour
 + Level 5.1 Dodging
 - Level 15.0 Shields
 + Level 10.4 Invocations


You had 15 spell levels left.
You didn't know any spells.
Your spell library contained the following spells:

 Spells                   Type           Power      Damage    Failure   Level
 Animate Skeleton         Necr           0%         N/A       92%         1
 Apportation              Tloc           0%         N/A       92%         1
 Magic Dart               Conj           0%         1d3       92%         1
 Sandblast                Erth           0%         2d4       92%         1
 Slow                     Hex            0%         N/A       92%         1
 Summon Small Mammal      Summ           0%         N/A       92%         1
 Corpse Rot               Necr/Air       0%         N/A       98%         2
 Passwall                 Tmut/Erth      0%         N/A       98%         2
 Poisonous Vapours        Pois/Air       0%         N/A       98%         2
 Scorch                   Fire           0%         2d5       98%         2
 Sublimation of Blood     Necr           0%         N/A       98%         2
 Wereblood                Tmut           0%         N/A       98%         2
 Call Canine Familiar     Summ           0%         N/A       100%        3
 Confusing Touch          Hex            0%         N/A       100%        3
 Gell's Gravitas          Tloc           0%         N/A       100%        3
 Ozocubu's Armour         Ice            0%         N/A       100%        3
 Portal Projectile        Hex/Tloc       0%         N/A       100%        3
 Stone Arrow              Conj/Erth      0%         3d7       100%        3
 Summon Guardian Golem    Hex/Summ       0%         N/A       100%        3
 Teleport Other           Tloc           0%         N/A       100%        3
 Vampiric Draining        Necr           0%         2d6       100%        3
 Airstrike                Air            0%         N/A       100%        4
 Animate Armour           Summ/Erth      0%         N/A       100%        4
 Cause Fear               Hex            0%         N/A       100%        4
 Flame Wave               Conj/Fire      0%         2d4       100%        4
 Leda's Liquefaction      Hex/Erth       0%         N/A       100%        4
 Petrify                  Tmut/Erth      0%         N/A       100%        4
 Summon Lightning Spire   Summ/Air       0%         N/A       100%        4
 Blade Hands              Tmut           0%         N/A       100%        5
 Excruciating Wounds      Necr           0%         N/A       100%        5
 Irradiate                Conj/Tmut      0%         3d13      100%        5
 Iskenderun's Battlesphe  Conj           0%         2d6       100%        5
 Lee's Rapid Deconstruct  Erth           0%         3d5*      100%        5
 Lightning Bolt           Conj/Air       0%         1d11      100%        5
 Metabolic Englaciation   Hex/Ice        0%         N/A       100%        5
 Yara's Violent Unravell  Hex/Tmut       0%         3d3       100%        5
 Dispersal                Tloc           0%         N/A       100%        6
 Iron Shot                Conj/Erth      0%         9d1       100%        6
 Simulacrum               Ice/Necr       0%         N/A       100%        6
 Statue Form              Tmut/Erth      0%         N/A       100%        6
 Summon Cactus Giant      Summ           0%         N/A       100%        6
 Dragon Form              Tmut           0%         N/A       100%        7
 Spellforged Servitor     Conj/Summ      0%         N/A       100%        7
 Summon Hydra             Summ           0%         N/A       100%        7
 Lehudib's Crystal Spear  Conj/Erth      0%         10d2      100%        8
 Dragon's Call            Summ           0%         N/A       100%        9

Inventory:

Hand Weapons
 a - the +8 war axe of Patterns (weapon) {flame, SInv}

   It burns those it strikes, dealing additional fire damage.
   Big, fiery blades are also staple armaments of hydra-hunters.
   SInv:      It lets you see invisible.
 b - a +4 broad axe of distortion
Missiles
 C - 2 throwing nets {=f}
 J - 6 curare-tipped darts {=f}
Armour
 k - the +8 chain mail of Inquiry (worn) {rC+ Str+2 Stlth+}

   Str:       It affects your strength (+2).
   rC:        It protects you from cold.
   Stlth:     It makes you more stealthy.
 t - a +0 pair of gloves (worn)
 E - a +4 barding of fire resistance (worn)
 F - a +0 helmet (worn)
 I - the +2 ratskin cloak (worn) {*Rats rPois rN+ Str-1 Int-1 Dex+1} When the wearer is hurt, rats may emerge from it to assist them. Str: It affects your strength (-1). Int: It affects your intelligence (-1). Dex: It affects your dexterity (+1). rPois: It protects you from poison. rN: It protects you from negative energy.
 U - a +0 tower shield of cold resistance (worn)
Magical Staves
 A - a staff of air
Jewellery
 j - an amulet of reflection (around neck)
 s - a +4 ring of protection (left hand)
 u - a +4 ring of slaying
 w - a +6 ring of strength
 G - a ring of flight
 Q - a +6 ring of strength
 V - a +4 ring of protection (right hand)
Wands
 e - a wand of polymorph (20)
 q - a wand of flame (87)
 y - a wand of iceblast (30)
 B - a wand of mindburst (17)
 N - a wand of charming (9)
 P - a wand of acid (8)
 R - a wand of digging (12)
Scrolls
 f - 12 scrolls of teleportation {@r4}
 g - a scroll of holy word
 i - a scroll of enchant armour
 o - 3 scrolls of magic mapping
 p - 4 scrolls of blinking
 x - 2 scrolls of summoning
 z - 3 scrolls of immolation {!r}
 H - 2 scrolls of silence {!r}
 K - 3 scrolls of fog
 S - a scroll of vulnerability {!r}
 W - a scroll of fear
 Y - a scroll of identify {@r1}
Potions
 c - 5 potions of might
 d - 4 potions of haste {@q3}
 h - 3 potions of resistance
 l - 6 potions of curing {@q1}
 m - 3 potions of magic
 n - 3 potions of berserk rage {!q}
 r - 5 potions of mutation {!q}
 v - 6 potions of heal wounds {@q2}
 D - 5 potions of cancellation
 M - 2 potions of invisibility
 O - 9 potions of ambrosia
 T - 2 potions of attraction {!q}
 X - 3 potions of lignification {!q}
Miscellaneous
 L - a lightning rod (4/4)

Dungeon Overview and Level Annotations

Branches:
Dungeon (15/15)            Temple (0/1) D:7            Lair (6/6) D:11
 Shoals (0/4) Lair:4       Spider (2/4) Lair:2        Slime (0/5) Lair:6
    Orc (2/2) D:9             Elf (0/3) Orc:2        Vaults (0/5) D:14
 Depths (0/4) D:15          IceCv (visited)         Volcano (visited)
Gauntlet (visited)

Altars:
Fedhas
Ru
Uskayaw
Zin
Beogh
Lugonu

Shops:
D:3 (   D:7 (   D:8 *   Orc:2 :!*=

Portals:
Abyss: Lair:6

...........
..........▒
...^......▒
..........▒▒
?.....)....▒
....[s.s...▒
....s.sss.▒
.....ssHy▒
s.....sss...^^▒
...............
?........s.....
.......s.......
...........?▒▒▒
.............
..............


You could see a wolf spider (berserk), a moth of wrath, 2 orb spiders, 7 jumping
spiders and 4 tarantellas.


Message History

Unknown command.
You are too confused!
The tarantella barely misses you.
The wolf spider hits you but does no damage.
The wolf spider bites you but does no damage.
The tarantella touches you!!
* * * LOW HITPOINT WARNING * * *
The jumping spider pounces on you but does no damage.
The jumping spider bites you but does no damage.
The jumping spider pounces on you.
* * * LOW HITPOINT WARNING * * *
You are even more entangled.
The jumping spider bites you but does no damage.
The moth of wrath goads the jumping spider on!
The jumping spider goes berserk!
The tarantella touches you but does no damage.
The tarantella touches you but does no damage.
The wolf spider hits you.
* * * LOW HITPOINT WARNING * * *
The wolf spider bites you but does no damage.
The jumping spider pounces on you.
* * * LOW HITPOINT WARNING * * *
The jumping spider bites you but does no damage.
The tarantella touches you but does no damage.
The jumping spider pounces on you!
* * * LOW HITPOINT WARNING * * *
You are even more entangled.
The jumping spider bites you but does no damage.
The jumping spider pounces on you!
You die...

Action                   |  1- 3 |  4- 6 |  7- 9 | 10-12 | 13-15 | 16-18 || total
-------------------------+-------+-------+-------+-------+-------+-------++-------
Melee: Dagger            |   123 |   200 |   408 |       |       |       ||   731
       Hand axe          |     3 |       |       |       |       |       ||     3
       Tailslap          |    10 |    25 |    56 |    90 |   198 |    84 ||   463
       War axe           |       |       |    62 |   559 |  1015 |   345 ||  1981
       Unarmed           |       |       |       |       |    13 |       ||    13
       Broad axe         |       |       |       |       |       |    19 ||    19
Throw: Dart              |       |       |       |     1 |       |       ||     1
Invok: Banish            |       |       |     1 |     4 |       |       ||     5
       Brand Weapon With |       |       |       |       |     1 |       ||     1
 Abil: Rolling Charge    |     1 |     4 |    15 |    32 |    16 |    10 ||    78
Evoke: Wand              |       |       |     3 |     2 |     2 |       ||     7
  Use: Scroll            |       |       |     6 |     5 |    17 |     7 ||    35
       Potion            |       |       |       |     4 |       |     4 ||     8
 Stab: Sleeping          |       |       |       |     2 |       |       ||     2
       Distracted        |       |       |       |       |     1 |       ||     1
Armor: Leather armour    |    33 |       |       |       |       |       ||    33
       Robe              |    26 |    52 |   126 |   117 |    14 |       ||   335
       Plate armour      |       |       |       |       |   173 |       ||   173
       Chain mail        |       |       |       |       |    65 |   283 ||   348
       Skin              |       |       |       |       |     1 |       ||     1
Dodge: Dodged            |    40 |    35 |   119 |   114 |    44 |    68 ||   420
Block: Kite shield       |    22 |   111 |   384 |   341 |       |       ||   858
       Reflection        |       |     2 |    28 |    11 |    20 |     9 ||    70
       Tower shield      |       |       |       |    87 |   729 |   406 ||  1222
       Buckler           |       |       |       |    14 |       |       ||    14
       Other             |       |       |       |       |     1 |       ||     1

Levels and vault maps discovered:
D:1:      psy_arrival_heroes, layout_basic, serial_park_tiny_pond,
          minmay_lizard_pond
D:2:      layout_basic, serial_bayou, serial_bayou_shore_b, serial_bayou_lake_a,
          serial_bayou_lagoon_a, serial_bayou_crossing, uniq_terence
D:3:      layout_loops_cross, lemuel_round_altar, serial_shops,
          nicolae_shop_statue_plus, uniq_sigmund
D:4:      layout_cave_pools, uniq_blork_the_orc, uniq_natasha, uniq_ijyb,
          uniq_pikel
D:5:      minmay_polygon_palace, layout_cave_pools, nicolae_ru_awakened_eye,
          mainiacjoe_overflow_surrounded_room
D:6:      layout_basic, eat_drink_and_be_merry_uskayaw,
          minmay_misc_feat_more_columns, centaur_isle
D:7:      layout_gridville, minmay_temple_entry_sparse_star, serial_shops, shop,
          minivault_1, st_stairs_5
D:8:      layout_loops_ring, nicolae_shop_clearance, uniq_grum
D:9:      layout_basic, orc_0_dummy, uniq_prince_ribbit1, uniq_erica,
          uniq_joseph
D:10:     layout_cave_pools, muffindrake_ghost_dual_entry,
          kennysheep_decorative_pillar, hangedman_decor_peaks_small
D:11:     layout_roguey [special_room_bee], due_lair_maze_entry_diamond
D:12:     layout_loops_corners, chequers_serial_rivers_room_a, uniq_urug,
          uniq_fannar, uniq_psyche, uniq_erolcha
D:13:     minmay_inside_and_out, layout_cave_pools, gauntlet_entry_generic
D:14:     layout_roguey, ximxim_vaults_locker_room, amcnicky_mini_pool_small,
          serial_glass, glass_columns_c, glass_columns_a
D:15:     gammafunk_depths_entry_grave, layout_cave_pods,
          chequers_decorated_corner, serial_bayou, serial_bayou_ford_a,
          serial_bayou_pond_a, serial_bayou_shore_b, serial_bayou_pond_b,
          chequers_garden, minivault_15, hex_tiny
Lair:1:   layout_loops_ring, portal_ice_cave_entry_ice_simulacra,
          infiniplex_staircase_pool_2, grunt_megastairs_3, uniq_gastronok
Lair:2:   layout_hall_layers, spider_nest_entry_webs
Lair:3:   layout_cave_pods, chequers_serial_rivers_marsh
Lair:4:   nzn_winding_woodlands_cross [nzn_winding_woodlands_5x15_garden,
          nzn_winding_woodlands_5x15_eye, nzn_winding_woodlands_5x15_pool,
          nzn_winding_woodlands_5x15_sawtooth,
          nzn_winding_woodlands_15x15_boxy_spiral], layout_gridlike,
          elwin_shoals_entry_rooms, serial_bayou_shore_b
Lair:5:   layout_cave_pods, nicolae_volcano_entry_two_sided,
          chequers_serial_rivers_small_3, lemuel_fruit_tree, grunt_megastairs_1
Lair:6:   cheibrodos_lair_end_hotspot, layout_long_grid,
          minmay_slime_entry_jelly_boxes, amcnicky_altar_lugonu_corruption,
          lemuel_fruit_fields
Spider:1: layout_spider_delve, hangedman_spider_tarantella_strand, uniq_aizul
Spider:2: layout_spider_delve
Orc:1:    layout_caves, basic_altar
Orc:2:    st_orc_ogre_mass, layout_diamond_mine, uniq_azrael

Notes
Turn   | Place    | Note
-------+----------+-------------------------------------------
     0 | Abyss:1  | sanka the Palentonga Abyssal Knight began the quest for the
                  | Orb.
     0 | Abyss:1  | Reached XP level 1. HP: 19/19 MP: 2/2
    15 | Abyss:1  | Found a corrupted altar of Lugonu.
    32 | D:1      | Escaped the Abyss
   237 | D:1      | Reached XP level 2. HP: 25/25 MP: 3/3
  1227 | D:2      | Reached XP level 3. HP: 27/31 MP: 4/4
  1227 | D:2      | Reached ** piety under Lugonu
  1472 | D:2      | Noticed Terence
  1481 | D:2      | Killed Terence
  1482 | D:2      | Reached skill level 1 in Shields
  1482 | D:2      | Reached skill level 3 in Invocations
  1875 | D:2      | Reached XP level 4. HP: 34/39 MP: 6/6
  2633 | D:3      | Found Yrumas's Weapon Emporium.
  2654 | D:3      | Found a glowing silver altar of Zin.
  2800 | D:2      | Reached skill level 4 in Fighting
  3001 | D:2      | Reached XP level 5. HP: 37/44 MP: 7/7
  3348 | D:3      | Reached skill level 2 in Shields
  3510 | D:3      | Noticed Sigmund
  3688 | D:3      | Killed Sigmund
  3689 | D:3      | Reached skill level 4 in Invocations
  3689 | D:3      | Reached XP level 6. HP: 34/52 MP: 7/9
  4132 | D:4      | Noticed Pikel
  4283 | D:3      | Reached skill level 5 in Fighting
  4376 | D:4      | Noticed Natasha
  4395 | D:3      | Reached skill level 3 in Shields
  4493 | D:4      | Killed Natasha
  4525 | D:4      | Noticed Ijyb
  4631 | D:4      | Killed Ijyb
  4816 | D:4      | Noticed Blork the orc
  4829 | D:4      | Killed Blork the orc
  4830 | D:4      | Reached skill level 5 in Invocations
  4830 | D:4      | Gained mutation: You curl defensively after being hit. (AC
                  | +7*) [Palentonga growth]
  4830 | D:4      | Reached XP level 7. HP: 37/57 MP: 10/10
  5051 | D:4      | Noticed Natasha
  5065 | D:4      | Killed Natasha
  5069 | D:4      | Noticed Natasha
  5079 | D:4      | Killed Natasha
  5079 | D:4      | Reached *** piety under Lugonu
  5091 | D:4      | HP: 5/59 [poisoned by a scorpion]
  5976 | D:5      | Entered Level 5 of the Dungeon
  6106 | D:5      | Found a blossoming altar of Fedhas.
  6188 | D:5      | Reached skill level 6 in Fighting
  6188 | D:5      | Reached skill level 4 in Shields
  6219 | D:5      | Reached skill level 6 in Invocations
  6315 | D:5      | Found a sacrificial altar of Ru.
  6635 | D:5      | Reached XP level 8. HP: 38/68 MP: 12/12
  7393 | D:5      | Reached skill level 7 in Invocations
  7806 | D:6      | Reached skill level 7 in Fighting
  7806 | D:6      | Reached skill level 5 in Shields
  7829 | D:6      | Reached XP level 9. HP: 47/77 MP: 14/14
  8155 | D:6      | Found a hide-covered altar of Uskayaw.
  8293 | D:6      | Reached **** piety under Lugonu
  9230 | D:5      | Reached skill level 8 in Invocations
  9412 | D:6      | Reached skill level 8 in Fighting
  9417 | D:6      | Reached skill level 6 in Shields
  9715 | D:7      | Found a staircase to the Ecumenical Temple.
  9992 | D:7      | Identified the +8 war axe of Patterns {flame, SInv}
 10130 | D:7      | Reached skill level 3 in Axes
 10171 | D:7      | Found Tihakka's Weapon Shoppe.
 10192 | D:7      | Identified the +3 leather armour of Spite {Harm Regen+
                  | Str+2}
 10408 | D:7      | Identified +0 steam dragon scales
 10409 | D:7      | Reached skill level 4 in Axes
 10716 | D:8      | Got the Collected Works on Attacks and Hexes
 10744 | D:8      | Reached skill level 7 in Shields
 10744 | D:8      | Noticed Grum
 10753 | D:8      | Reached skill level 5 in Axes
 10759 | D:8      | Killed Grum
 10770 | D:8      | Reached XP level 10. HP: 47/85 MP: 16/16
 11256 | D:8      | Noticed a two-headed ogre
 11266 | D:8      | Killed a two-headed ogre
 11267 | D:8      | Reached skill level 6 in Axes
 11422 | D:8      | Found Zoeluyl's CLEARANCE SALE!.
 11733 | D:9      | Noticed a centaur warrior
 11739 | D:9      | Found a staircase to the Orcish Mines.
 11739 | D:9      | Killed a centaur warrior
 11740 | D:9      | Reached skill level 7 in Axes
 11807 | D:9      | Reached skill level 8 in Axes
 11807 | D:9      | Reached skill level 8 in Shields
 12528 | D:9      | Noticed Joseph
 12541 | D:9      | Killed Joseph
 12542 | D:9      | Reached skill level 9 in Axes
 12680 | D:9      | Noticed Erica
 12686 | D:9      | Killed Erica
 12687 | D:9      | Reached XP level 11. HP: 92/92 MP: 17/17
 13149 | D:9      | Noticed Prince Ribbit
 13321 | D:9      | Killed Prince Ribbit
 13725 | D:4      | Killed Pikel
 13726 | D:4      | Reached skill level 10 in Axes
 14294 | D:10     | Entered Level 10 of the Dungeon
 14298 | D:10     | Identified +0 steam dragon scales
 14345 | D:10     | Noticed a tengu warrior
 14376 | D:10     | Gained mutation: Your mind is acute. (Int +2) [potion of
                  | mutation]
 14376 | D:10     | Gained mutation: Your system is resistant to poisons.
                  | (rPois) [potion of mutation]
 14376 | D:10     | Gained mutation: Your tail ends in a venomous barb. [potion
                  | of mutation]
 14378 | D:10     | Banished a tengu warrior
 14385 | D:10     | HP: 9/92 [poisoned by a tengu warrior]
 14795 | D:10     | Noticed a deep elf pyromancer
 14795 | D:10     | Noticed a lich
 14795 | D:10     | Noticed VincentAMV's ghost (journeyman SpBr)
 14795 | D:10     | Noticed a skeletal warrior
 14796 | D:10     | Noticed an orc warlord
 14804 | D:10     | Noticed a skeletal warrior
 14805 | D:10     | Noticed a necromancer
 14807 | D:10     | Reached skill level 9 in Shields
 15143 | D:10     | Found a runed translucent door.
 15145 | D:10     | Noticed a skeletal warrior
 15149 | D:10     | Found a runed translucent door.
 15149 | D:10     | Noticed a deep troll earth mage
 15249 | D:10     | Reached skill level 11 in Axes
 15537 | D:10     | Noticed a skeletal warrior
 15918 | D:11     | Found a staircase to the Lair.
 15969 | D:11     | Reached skill level 12 in Axes
 17014 | D:11     | Reached skill level 13 in Axes
 17316 | D:11     | Reached ***** piety under Lugonu
 17366 | D:11     | Reached XP level 12. HP: 98/98 MP: 18/18
 17605 | Lair:1   | Entered Level 1 of the Lair of Beasts
 17634 | Lair:1   | Identified the +1 robe of the Four of Cups {rN+ MP+9 Dex+3}
 17744 | Lair:1   | Found a frozen archway.
 17754 | IceCv    | Entered an ice cave
 18438 | IceCv    | Reached skill level 14 in Axes
 18699 | IceCv    | HP: 5/98 [ice devil (6)]
 19669 | IceCv    | Noticed a reaper
 19688 | IceCv    | Killed a reaper
 19689 | IceCv    | Reached skill level 15 in Axes
 19936 | IceCv    | Identified the +1 chain mail of Dim Light {Rampage Int-3
                  | Slay+3 SInv}
 20647 | Lair:1   | Noticed Gastronok
 20668 | Lair:1   | Killed Gastronok
 21417 | Lair:2   | Reached skill level 16 in Axes
 21760 | Lair:2   | Reached XP level 13. HP: 104/104 MP: 19/19
 22237 | Lair:2   | Found a hole to the Spider Nest.
 23207 | Lair:3   | Reached skill level 10 in Shields
 23727 | Lair:4   | Reached skill level 2 in Armour
 23875 | Lair:4   | Reached skill level 17 in Axes
 24254 | Lair:4   | Reached skill level 3 in Armour
 24282 | Lair:4   | Reached ****** piety under Lugonu
 24538 | Lair:4   | Identified a +2 broad axe of distortion (a +0 broad axe
                  | corrupted by Lugonu)
 24538 | Lair:4   | Received a gift from Lugonu
 25165 | Lair:4   | Identified a scroll of acquirement
 25167 | Lair:4   | Acquired a +1 barding of fire resistance
 25458 | Lair:4   | Found a staircase to the Shoals.
 25713 | Lair:4   | Identified the ring of Xewuo {Fire rN+}
 26046 | Lair:5   | Reached skill level 4 in Armour
 26142 | Lair:5   | Found a dark tunnel.
 26180 | Volcano  | Entered a volcano
 26417 | Volcano  | Reached XP level 14. HP: 83/112 MP: 20/20
 27126 | Lair:5   | Reached skill level 18 in Axes
 27368 | Lair:5   | Reached skill level 11 in Shields
 27379 | Lair:5   | Reached skill level 5 in Armour
 27796 | Lair:6   | Entered Level 6 of the Lair of Beasts
 27928 | Lair:6   | Found a staircase to the Slime Pits.
 27970 | Lair:6   | Reached skill level 6 in Armour
 28495 | Lair:6   | Found a large runed translucent door.
 28495 | Lair:6   | Found a large runed translucent door.
 28517 | Lair:6   | Identified +0 steam dragon scales
 28858 | Lair:6   | Reached skill level 12 in Shields
 28984 | Lair:6   | Reached skill level 7 in Armour
 29529 | Lair:6   | Found a corrupted altar of Lugonu.
 29531 | Lair:6   | Found a one-way gate to the infinite horrors of the Abyss.
 30176 | Lair:6   | Identified +0 fire dragon scales
 30580 | Orc:1    | Entered Level 1 of the Orcish Mines
 30902 | Orc:2    | Entered Level 2 of the Orcish Mines
 30979 | Orc:2    | Found a staircase to the Elven Halls.
 31118 | Orc:2    | Noticed Azrael
 31259 | Orc:2    | Killed Azrael
 31260 | Orc:2    | Reached skill level 8 in Armour
 31266 | Orc:2    | Reached XP level 15. HP: 106/117 MP: 21/21
 31360 | Orc:2    | Reached skill level 13 in Shields
 31939 | Orc:2    | Reached skill level 14 in Shields
 32084 | Orc:2    | Found Zezaonav's Distillery.
 32084 | Orc:2    | Found Gooden's Jewellery Emporium.
 32085 | Orc:2    | Found Ecoaj's Book Shoppe.
 32085 | Orc:2    | Found Tuem's Assorted Antiques.
 32255 | Orc:2    | Bought a slimy chain mail for 237 gold pieces
 32255 | Orc:2    | Identified the +8 chain mail of Inquiry {rC+ Str+2 Stlth+}
                  | (You bought it in a shop on level 2 of the Orcish Mines)
 32287 | Orc:2    | Bought a +4 ring of protection for 612 gold pieces
 32292 | Orc:2    | Bought a scroll of enchant armour for 187 gold pieces
 32553 | D:9      | Killed VincentAMV's ghost
 33016 | D:10     | Killed a lich
 33029 | D:10     | Killed an orc warlord
 33429 | D:12     | Noticed Psyche
 33433 | D:12     | Paralysed by Psyche for 3 turns
 33439 | D:12     | Killed Psyche
 33440 | D:12     | Noticed Fannar
 33455 | D:12     | Killed Fannar
 33723 | D:12     | Noticed Erolcha
 33735 | D:12     | Killed Erolcha
 33846 | D:12     | Noticed Urug
 33862 | D:12     | Killed Urug
 33863 | D:12     | Reached skill level 15 in Shields
 34178 | D:12     | Reached skill level 1 in Dodging
 34196 | D:12     | Identified 3 potions of resistance
 34700 | D:13     | Found a gate leading to a gauntlet.
 34716 | Gauntlet | Entered a Gauntlet
 34716 | Gauntlet | Found a transporter.
 34730 | Gauntlet | Found a transporter.
 34740 | Gauntlet | Found a transporter.
 34745 | Gauntlet | Found a transporter.
 34760 | Gauntlet | Found a transporter.
 34779 | Gauntlet | Found a transporter.
 34791 | Gauntlet | Found a transporter.
 34797 | Gauntlet | Found a transporter.
 34799 | Gauntlet | Found a transporter.
 34816 | Gauntlet | Found a transporter.
 34828 | Gauntlet | Found a transporter.
 34836 | Gauntlet | Found the +2 ratskin cloak {*Rats rPois rN+ Str-1 Int-1
                  | Dex+1}
 34840 | Gauntlet | Found a transporter.
 34857 | Gauntlet | Found a transporter.
 34874 | Gauntlet | Found a transporter.
 34876 | Gauntlet | Found a transporter.
 34903 | Gauntlet | Found a transporter.
 34905 | Gauntlet | Found a transporter.
 34925 | Gauntlet | Found a transporter.
 35297 | Gauntlet | Reached skill level 2 in Dodging
 35446 | Gauntlet | Identified the +1 triple crossbow "Boujor" {freeze,
                  | *Corrode rN+ Int+4 Dex+5}
 35760 | D:13     | Reached XP level 16. HP: 126/126 MP: 22/22
 36347 | D:14     | Identified the +5 arbalest of Subterfuge {penet, Str+3}
 36358 | D:14     | Reached skill level 3 in Dodging
 36358 | D:14     | Reached skill level 9 in Invocations
 36372 | D:14     | Found a gate to the Vaults.
 36829 | D:14     | Identified the +5 glaive of the Lair of Beasts {vorpal,
                  | rF+}
 36878 | D:15     | Entered Level 15 of the Dungeon
 36887 | D:15     | Reached skill level 9 in Fighting
 37111 | D:15     | Found a staircase to the Depths.
 37407 | D:15     | Reached skill level 9 in Armour
 37440 | D:15     | Reached skill level 4 in Dodging
 37474 | D:15     | Identified the +5 halberd "Widowmaker" {spect, *Corrode
                  | +Blink Str+5 SInv}
 37671 | D:15     | Identified the +0 ring mail "Teginura" {*Corrode Str+5}
 37706 | D:15     | Identified the +9 dagger of Aril {protect, rF- Str+5 Int+5}
 38365 | Spider:1 | Entered Level 1 of the Spider Nest
 38529 | Spider:1 | Reached skill level 10 in Invocations
 38657 | Spider:1 | Noticed Aizul
 38684 | Spider:1 | Killed Aizul
 39220 | Spider:1 | Identified a scarf of resistance
 39394 | Spider:1 | Reached skill level 10 in Fighting
 39412 | Spider:1 | Reached skill level 5 in Dodging
 39882 | Spider:2 | HP: 13/130 [jumping spider (12)]
 39882 | Spider:2 | Slain by a jumping spider

Vanquished Creatures
  A lich (D:10)
  Gastronok (Lair:1)
  An orc warlord (D:10)
  Aizul (Spider:1)
  An emperor scorpion (Spider:1)
  A caustic shrike zombie (D:15)
  A reaper (IceCv)
  A minotaur (Gauntlet)
  Azrael (Orc:2)
  An entropy weaver (Spider:1)
  A fire dragon (Lair:6)
  A vault guard (D:14)
  Fannar (D:12)
  The ghost of VincentAMV the Unseen, a journeyman SpBr of Dithmenos (D:9)
  9 hydras
  5 ogre magi
  Erolcha (D:12)
  4 centaur warriors
  8 boulder beetles
  An anaconda (Lair:4)
  Erica (D:9)
  19 two-headed ogres
  2 tengu warriors (D:14)
  13 death yaks
  A vampire mage (D:15)
  A deep troll earth mage (D:9)
  Urug (D:12)
  8 skeletal warriors
  Pikel (D:4)
  A lindwurm (Lair:6)
  5 deep elf pyromancers
  An anaconda skeleton (Volcano)
  2 necromancers
  An oklob plant (Lair:4)
  A shadow dragon skeleton (D:15)
  7 wolf spiders
  A salamander (shapeshifter) (D:13)
  4 ugly things
  2 manticores
  3 orc sorcerers
  2 orb spiders (Spider:1)
  8 cyclopes
  5 elephants (Lair:6)
  4 ice statues
  3 molten gargoyles (Lair:6)
  Joseph (D:9)
  17 black mambas
  6 gargoyles
  2 torpor snails
  11 cane toads
  3 rime drakes
  14 komodo dragons
  An unseen horror (D:12)
  Psyche (D:12)
  2 kobold demonologists (D:12)
  A freezing wraith (D:15)
  An efreet (Gauntlet)
  An entropy weaver simulacrum (IceCv)
  5 demonic crawlers (Spider:1)
  An anaconda simulacrum (IceCv)
  8 ice devils
  8 trolls
  4 jumping spiders (Spider:1)
  2 hornets
  2 harpy skeletons (Volcano)
  A queen bee (D:11)
  9 dream sheep
  Prince Ribbit (D:9)
  19 blink frogs
  An ettin zombie (D:15)
  3 flying skulls (Volcano)
  A spriggan zombie (D:15)
  2 centaur simulacra
  Sigmund (D:3)
  4 wraiths
  11 tarantellas (Spider:1)
  42 yaks
  2 vampires
  A water elemental (D:15)
  18 redbacks
  5 wyverns
  10 basilisks
  3 fire elementals
  10 humans (D:14)
  Grum (D:8)
  11 vampire mosquitoes
  2 death yak simulacra (IceCv)
  4 steam dragons
  A warg (Orc:2)
  10 hell hounds
  17 water moccasins
  A sky beast (D:8)
  5 orc warriors
  7 black bears
  2 ice beasts (D:6)
  31 ogres
  23 wolves
  A boggart (D:13)
  2 lemures (D:4)
  8 centaurs
  4 kobold brigands
  17 bullfrogs
  5 scorpions
  Blork the orc (D:4)
  2 cane toad simulacra (IceCv)
  A two-headed ogre simulacrum (IceCv)
  35 killer bees
  8 wights
  An elephant simulacrum (IceCv)
  A howler monkey (D:7)
  A troll skeleton (Volcano)
  4 electric eels
  3 lava snakes (Lair:6)
  A bullfrog zombie (D:5)
  3 centaur zombies
  12 orc priests
  19 jellies
  A gnoll shaman (D:5)
  A centaur skeleton (D:7)
  5 hounds
  Ijyb (D:4)
  An iguana (D:5)
  Terence (D:2)
  Natasha (thrice) (D:4)
  20 orc wizards
  A spriggan simulacrum (IceCv)
  3 troll simulacra (IceCv)
  A killer bee zombie (D:9)
  A naga skeleton (Volcano)
  2 hound skeletons
  2 howler monkey zombies
  8 adders
  3 gnolls (D:6)
  4 naga simulacra (IceCv)
  4 shadow imps
  5 white imps
  4 ufetubi
  3 adder skeletons (D:4)
  4 worms
  2 dart slugs
  48 orcs
  4 ball pythons
  5 endoplasms
  5 giant cockroaches
  6 goblins
  5 hobgoblins
  5 jackals
  5 quokkas
  3 bats
  8 frilled lizards
  14 kobolds
  5 rats
811 creatures vanquished.

Vanquished Creatures (others)
  A deep elf pyromancer (D:10)
  A human (D:14)
  An ufetubus (IceCv)
  14 demonic plants (Gauntlet)
  58 fungi
  A lurking horror (Lair:6)
  161 plants
  3 withered plants (D:15)
240 creatures vanquished.

Grand Total: 1051 creatures vanquished
